 Dungeon Crawl Stone Soup version 0.21.1-1-g345015f (webtiles) character file.

1759 troglodite the Slasher (level 8, 0/64 HPs)
             Began as a Demonspawn Berserker on July 31, 2018.
             Was an Elder of Trog.
             Killed from afar by Duvessa (16 damage)
             ... with a wand of flame (25)
             ... on level 6 of the Dungeon.
             The game lasted 00:22:55 (6282 turns).

troglodite the Slasher (Demonspawn Berserker)       Turns: 6282, Time: 00:22:55

Health: 0/64       AC: 18    Str: 18    XL:     8   Next: 79%
Magic:  8/8        EV:  9    Int:  9    God:    Trog [****..]
Gold:   361        SH:  5    Dex: 14    Spells: 7/7 levels left

rFire    x . .     SeeInvis .   a - +1 falchion
rCold    + . .     Gourm    .   s - +0 buckler
rNeg     . . .     Faith    .   u - +0 chain mail {MR+}
rPois    .         Spirit   .   e - +0 helmet
rElec    .         Reflect  .   o - +0 cloak
rCorr    .         Harm     .   t - +0 pair of gloves
MR       +....                  r - +1 pair of boots
Stlth    ..........             y - amulet of magic regeneration
HPRegen  0.20/turn              (no ring)
MPRegen  0.36/turn              F - ring of ice

@: berserk cooldown, slowed, very slow
A: hooves 2, slimy green scales 2, foul stench 1, rot immunity
a: Berserk, Trog's Hand, Brothers in Arms, Burn Spellbooks, Renounce Religion


You were on level 6 of the Dungeon.
You worshipped Trog.
Trog was greatly pleased with you.
You were hungry.

You visited 1 branch of the dungeon, and saw 6 of its levels.
You also visited: Sewer.

You collected 361 gold pieces.

Inventory:

Hand Weapons
 a - a +1 falchion (weapon)
Armour
 e - a +0 helmet (worn)
 o - a +0 cloak (worn)
 r - a +1 pair of boots (worn)
 s - a +0 buckler (worn)
 t - a +0 pair of gloves (worn)
 u - a +0 chain mail of magic resistance (worn)
Jewellery
 y - an amulet of magic regeneration (around neck)
 F - a ring of ice (right hand)
Wands
 k - a wand of flame (40)
 D - a wand of iceblast (6)
 G - a wand of polymorph (10)
Scrolls
 f - 2 scrolls of fear
 g - a scroll of enchant weapon
 h - 7 scrolls of teleportation
 v - a scroll of noise {unknown}
 z - a scroll of immolation {unknown}
 A - a scroll of enchant armour {unknown}
Potions
 b - a potion of mutation {unknown}
 d - a potion of curing
 i - 4 potions of lignification
 j - 2 potions of haste
 l - 7 potions of flight
 n - a potion of agility
 p - 2 potions of degeneration {unknown}
 q - a potion of magic {unknown}
 w - a potion of heal wounds {unknown}
 B - a potion of ambrosia {unknown}
 C - a potion of cancellation {unknown}
 E - a potion of resistance
Comestibles
 c - 11 rations
 m - 2 chunks of flesh


   Skills:
 * Level 5.7 Fighting
 + Level 6.3 Long Blades
 * Level 5.2 Armour
 * Level 4.4 Dodging
 + Level 0.4 Stealth
 * Level 3.1 Shields


You had 7 spell levels left.
You didn't know any spells.

Dungeon Overview and Level Annotations

Branches:
Dungeon (6/15)
 Temple: D:4-7

Altars:
Ashenzari
Ru
Sif Muna
Yredelemnul
Zin

Annotations:
D:6 Duvessa


Innate Abilities, Weirdness & Mutations

You have hoof-like feet.
You are mostly covered in slimy green scales. (AC +3)
You may emit foul miasma when damaged in melee.
You are immune to rotting.


Message History

Duvessa hits you but does no damage. x2
Duvessa hits you with a short sword.
* * * LOW HITPOINT WARNING * * *
You emit a cloud of foul miasma!
Duvessa is engulfed in dark miasma.
Duvessa looks even sicker.
Duvessa hits you but does no damage. Duvessa barely misses you.
You block Duvessa's attack. Duvessa barely misses you.
Duvessa rages.
You block Duvessa's attack. Duvessa hits you but does no damage.
Duvessa is no longer berserk.
Duvessa zaps a wand.
The puff of flame hits you!
Duvessa looks more healthy.
Duvessa looks more energetic.
Duvessa hits you but does no damage. Duvessa hits you but does no damage.
Duvessa zaps a wand.
The puff of flame hits you!
* * * LOW HITPOINT WARNING * * *
There is a stone staircase leading up here.
Duvessa zaps a wand.
The puff of flame hits you! The fire burns you terribly!
You die...

... # ...#.#
....#.#
##......#### ..
.... ..########
.###.## #.#..e.@.#
.##...# #.#.####.#
......# #....=##.#
†##...# #.#.#.##.#
.##...####.#......#
...........#....###
##.....#####.#.##
#.....# #(###
##...## #.#


You could see Duvessa.

Vanquished Creatures
  Pikel (D:5)
  Eustachio (D:5)
  Purgy (D:3)
  A phantom (D:6)
  A slave (D:5)
  An ogre (D:6)
  A crocodile (Sewer)
  A scorpion (D:6)
  Dowan (D:6)
  A howler monkey (D:4)
  An orc priest (D:5)
  A hound (D:6)
  A jelly (D:4)
  2 orc wizards (D:5)
  Natasha (thrice) (D:3)
  6 worker ants
  An ogre zombie (D:5)
  The ghost of dscm the Grave Robber, a weakling DsNe (D:3)
  A hound zombie (D:5)
  A worker ant zombie (D:5)
  2 orc zombies (D:5)
  13 adders
  2 oozes
  4 worms
  3 dart slugs
  4 leopard geckos
  16 orcs
  2 giant cockroaches (D:2)
  11 goblins
  7 hobgoblins
  9 jackals
  3 quokkas
  2 ball pythons (D:3)
  7 bats
  8 frilled lizards
  A jackal skeleton (D:3)
  13 kobolds
  10 rats
145 creatures vanquished.

Vanquished Creatures (others)
  A slave (D:5)
  Edmund (D:5)
  A worker ant (D:5)
  An ooze (D:5)
  A leopard gecko zombie (D:5)
  4 toadstools (D:1)
9 creatures vanquished.

Grand Total: 154 creatures vanquished

Notes
Turn   | Place    | Note
-------+----------+-------------------------------------------
     0 | D:1      | troglodite the Demonspawn Berserker began the quest for the Orb.
     0 | D:1      | Reached XP level 1. HP: 18/18 MP: 1/1
   112 | D:1      | Gained mutation: You are partially covered in slimy green scales. (AC +2) [demonic ancestry]
   112 | D:1      | Reached XP level 2. HP: 10/24 MP: 2/2
   485 | D:1      | Reached skill level 3 in Long Blades
   584 | D:1      | Gained mutation: You are immune to rotting. [demonic ancestry]
   584 | D:1      | Reached XP level 3. HP: 29/29 MP: 3/3
   943 | D:2      | Reached ** piety under Trog
  1526 | D:2      | Gained mutation: You are mostly covered in slimy green scales. (AC +3) [demonic ancestry]
  1526 | D:2      | Reached XP level 4. HP: 37/37 MP: 4/4
  1980 | D:3      | Found a shattered altar of Ashenzari.
  2013 | D:3      | Found a glowing drain.
  2018 | D:3      | Noticed Purgy
  2033 | D:3      | Killed Purgy
  2033 | D:3      | Reached XP level 5. HP: 42/42 MP: 5/5
  2087 | D:3      | Reached skill level 4 in Long Blades
  2180 | Sewer    | Entered a sewer
  2339 | Sewer    | Noticed a crocodile
  2350 | Sewer    | Killed a crocodile
  2350 | Sewer    | Reached skill level 1 in Shields
  2350 | Sewer    | Gained mutation: You have large cloven feet. [demonic ancestry]
  2350 | Sewer    | Reached XP level 6. HP: 25/48 MP: 6/6
  2708 | D:3      | Noticed Natasha
  2720 | D:3      | Killed Natasha
  2720 | D:3      | Reached *** piety under Trog
  2744 | D:3      | Noticed Natasha
  2752 | D:3      | Noticed dscm's ghost (weakling DsNe)
  2758 | D:3      | Killed Natasha
  2768 | D:3      | Killed dscm's ghost
  2864 | D:3      | Found a glowing silver altar of Zin.
  2902 | D:3      | Noticed Natasha
  2911 | D:3      | Killed Natasha
  3653 | D:4      | Reached **** piety under Trog
  3801 | D:4      | Gained mutation: You have hoof-like feet. [demonic ancestry]
  3801 | D:4      | Reached XP level 7. HP: 55/55 MP: 7/7
  4179 | D:4      | Found a deep blue altar of Sif Muna.
  4309 | D:4      | Found a sacrificial altar of Ru.
  4593 | D:5      | Entered Level 5 of the Dungeon
  4632 | D:5      | Found a transporter.
  4652 | D:5      | Noticed Pikel
  4667 | D:5      | Killed Pikel
  4667 | D:5      | Reached skill level 5 in Fighting
  4667 | D:5      | Reached skill level 5 in Long Blades
  4667 | D:5      | Gained mutation: You may emit foul miasma when damaged in melee. [demonic ancestry]
  4667 | D:5      | Reached XP level 8. HP: 62/62 MP: 8/8
  4727 | D:5      | Found a basalt altar of Yredelemnul.
  4750 | D:5      | Found a transporter.
  4826 | D:5      | Killed Edmund
  5090 | D:5      | Noticed Eustachio
  5115 | D:5      | Killed Eustachio
  6088 | D:6      | Reached skill level 6 in Long Blades
  6142 | D:6      | Reached skill level 5 in Armour
  6238 | D:6      | Noticed Duvessa
  6239 | D:6      | Noticed Dowan
  6251 | D:6      | Killed Dowan
  6282 | D:6      | Killed from afar by Duvessa

Skill      XL: |  1  2  3  4  5  6  7  8 |
---------------+-------------------------+-----
Long Blades    | 3 4 5 6 |  6.3
Dodging        | 2 3 4 |  4.4
Armour         | 2 3 4 5 |  5.2
Fighting       | 4 5 |  5.7
Shields        | 1 2 3 |  3.1
Stealth        | |  0.4

Action                   |  1- 3 |  4- 6 |  7- 9 || total
-------------------------+-------+-------+-------++-------
Melee: Falchion          |   111 |   230 |   238 ||   579
Invok: Berserk           |       |     5 |     5 ||    10
  Use: Scroll            |       |     8 |     4 ||    12
       Potion            |       |       |     1 ||     1
  Eat: Chunk             |     2 |    13 |     8 ||    23
       Ration            |       |       |     1 ||     1
Armor: Animal skin       |    13 |       |       ||    13
       Ring mail         |    31 |    78 |       ||   109
       Chain mail        |       |    65 |   160 ||   225
Dodge: Dodged            |    73 |   121 |    84 ||   278
Block: Buckler           |       |    41 |    46 ||    87
       Rpst.: Falchion   |    26 |    42 |    16 ||    84
